 Dungeon Crawl Stone Soup version 0.21.1-1-g345015f (webtiles) character file.

59 inc the Scratcher (level 3, -8/22 HPs)
             Began as a Felid Transmuter on Mar 13, 2018.
             Mangled by a worm (10 damage)
             ... on level 2 of the Dungeon.
             The game lasted 00:02:14 (1585 turns).

inc the Scratcher (Felid Transmuter)                Turns: 1585, Time: 00:02:15

Health: -8/22      AC:  1    Str: 11    XL:     3   Next: 78%
Magic:  7/7        EV: 19    Int: 14    God:
Gold:   33         SH:  0    Dex: 17    Spells: 5/6 levels left
                                        Lives:  0   Deaths: 0

rFire    . . .     SeeInvis +     - Unarmed
rCold    . . .     Gourm    .   (shield unavailable)
rNeg     . . .     Faith    .   (armour unavailable)
rPois    .         Spirit   .   (helmet unavailable)
rElec    .         Reflect  .   (cloak unavailable)
rCorr    .         Harm     .   (gloves unavailable)
MR       .....                  (boots unavailable)
Stlth    ..........             (no amulet)
HPRegen  0.07/turn              (no ring)
MPRegen  0.10/turn              (no ring)

@: berserking (expiring), lethally poisoned (-8 -> -11), very quick
A: very small, no armour, no weapons or thrown items, stealth, claws 1, fangs 3,
see invisible, carnivore, speed 1, shaggy fur 1, slow metabolism 1, sharp paws
a: no special abilities


You were on level 2 of the Dungeon.
You were not hungry.

You visited 1 branch of the dungeon, and saw 3 of its levels.

You collected 33 gold pieces.

Inventory:

Missiles
 a - 12 arrows
Jewellery
 h - an uncursed ring of fire
 k - a -6 ring of intelligence
Scrolls
 d - a scroll of identify
 e - a scroll of immolation {unknown}
 g - a scroll of teleportation {unknown}
 i - a scroll of noise {unknown}
 m - a scroll of magic mapping {unknown}
Potions
 f - a potion of invisibility {unknown}
 l - a potion of magic {unknown}
Books
 b - a book of Changes

   Spells                             Type                      Level
   a - Beastly Appendage              Transmutation                1
   b - Sticks to Snakes               Transmutation                2
   c - Spider Form                    Transmutation/Poison         3
   d - Ice Form                       Ice/Transmutation            4
   e - Blade Hands                    Transmutation                5
Comestibles
 c - 3 rations


   Skills:
 - Level 1.0 Fighting
 + Level 3.6 Dodging
 - Level 4.4 Unarmed Combat
 - Level 2.0 Spellcasting
 - Level 2.1 Transmutations


You had 5 spell levels left.
You knew the following spells:

 Your Spells              Type           Power        Failure   Level  Hunger
a - Beastly Appendage     Tmut           #.....       10%         1    ##.....


Dungeon Overview and Level Annotations

Branches:
Dungeon (3/15)

Altars:

Annotations:
D:3 Natasha


Innate Abilities, Weirdness & Mutations

You cannot wear armour.
You are incapable of wielding weapons or throwing items.
Your paws allow you to move quietly. (Stealth)
You have sharp claws.
You have razor-sharp teeth.
You have supernaturally acute eyesight. (SInv)
You are carnivorous and can eat meat at any time.
You cover ground quickly.
You are covered in fur. (AC +1)
You have a slow metabolism.
Your sharp claws are effective at attacking unaware monsters.


Message History

You kill the kobold!
* * * LOW HITPOINT WARNING * * *
You feel sick.
You claw the kobold!
You kill the kobold!
You claw the goblin!
You kill the goblin!
You claw the rat!
You kill the rat!
A frilled lizard comes into view.
The frilled lizard hisses angrily.
The goblin hits you.
* * * LOW HITPOINT WARNING * * *
You claw the goblin!
You kill the goblin!
* * * LOW HITPOINT WARNING * * *
You feel sick.
You feel a strong urge to attack something.
You barely miss the worm. Your bite misses the worm. The worm bites you!
You die...

...................
....##.#
..................
.....##.# ...#.
........... ......##.#
..........###+######.#
.# ####............###
#.#
........(..........
.#......)..†.......
........##.........
........##.@..l....
........###w.......
......g>....###....
....!#......# ...
............+ ..
............# .
.....#........
.....#.......w.
.....#.......#.


You could see a worm and a frilled lizard.

Vanquished Creatures
  An adder (D:2)
  An ooze (D:1)
  A dart slug (D:1)
  2 leopard geckos
  A ball python (D:1)
  9 bats
  2 giant cockroaches
  7 goblins
  6 hobgoblins
  A quokka (D:2)
  A frilled lizard (D:1)
  5 kobolds
  5 rats
42 creatures vanquished.

Notes
Turn   | Place    | Note
-------+----------+-------------------------------------------
     0 | D:1      | inc the Felid Transmuter began the quest for the Orb.
     0 | D:1      | Reached XP level 1. HP: 9/9 MP: 4/4
   212 | D:1      | Reached XP level 2. HP: 5/12 MP: 6/6
   858 | D:1      | Reached skill level 4 in Unarmed Combat
   979 | D:1      | Reached XP level 3. HP: 11/15 MP: 7/7
  1558 | D:3      | Noticed Natasha
  1585 | D:2      | Mangled by a worm

Skill      XL: |  1  2  3 |
---------------+----------+-----
Unarmed Combat | 4 |  4.4
Dodging        | 3 |  3.6
Fighting       | |  1.0
Spellcasting   | |  2.0
Transmutations | |  2.1

Action                   || total
-------------------------++-------
Melee: Unarmed           ||   120
       Bite              ||    10
  Use: Scroll            ||     2
       Potion            ||     1
 Stab: Sleeping          ||     3
Armor: Skin              ||    13
Dodge: Dodged            ||   135
